 Dungeon Crawl Stone Soup version 0.29-a0-1016-g236c7fd91e (webtiles) character file.

Game seed: 12165328578426531175

26 componib the Shooter (level 2, -2/25 HPs)
             Began as a Minotaur Hunter on Aug 9, 2022.
             Was a Follower of Okawaru.
             Killed from afar by Sigmund (5 damage)
             ... with a puff of flame
             ... on level 3 of the Dungeon.
             The game lasted 00:09:27 (1605 turns).

componib the Shooter (Minotaur Hunter)              Turns: 1605, Time: 00:09:27

Health: -2/25      AC:  7    Str: 15    XL:     2   Next: 89%
Magic:  1/1        EV: 11    Int:  6    God:    Okawaru [*.....]
Gold:   164        SH:  0    Dex: 19    Spells: 1/1 levels left

rFire   . . .      SeeInvis .   f - +0 short sword
rCold   . . .      Faith    .   (no shield)
rNeg    . . .      Spirit   .   j - +0 ring mail
rPois   .          Reflect  .   (helmet restricted)
rElec   .          Harm     .   (no cloak)
rCorr   .          Rampage  .   q - +0 pair of gloves
Will    +....                   i - +0 pair of boots
Stlth   +.........              d - amulet of magic regeneration
HPRegen 0.08/turn               g - +6 ring of dexterity
MPRegen 0.47/turn               k - ring of willpower

@: brilliant
A: horns 2, retaliatory headbutt
a: Renounce Religion, Heroism


You were on level 3 of the Dungeon.
You worshipped Okawaru.
Okawaru was aware of your devotion.
You visited 1 branch of the dungeon, and saw 3 of its levels.

You collected 164 gold pieces.

Inventory:

Hand Weapons
 a - a +0 shortbow
 e - a +0 dagger
 f - a +0 short sword (weapon)
 u - a +0 broad axe
Armour
 c - a +0 leather armour
 i - a +0 pair of boots (worn)
 j - a +0 ring mail (worn)
 q - a +0 pair of gloves (worn)
Jewellery
 d - an amulet of magic regeneration (around neck)
 g - a +6 ring of dexterity (left hand)
 k - a ring of willpower (right hand)
 o - a +6 ring of intelligence
Scrolls
 b - a scroll of immolation
 h - 2 scrolls of acquirement
 m - a scroll of noise {unknown}
 n - a scroll of enchant armour {unknown}
 s - a scroll of blinking {unknown}
Potions
 l - a potion of flight
 p - a potion of might {unknown}
 r - a potion of brilliance
 t - a potion of curing {unknown}


   Skills:
 + Level 2.8 Fighting
 + Level 5.2 Ranged Weapons
 + Level 0.1 Armour
 + Level 2.1 Dodging
 + Level 1.0 Stealth


You had one spell level left.
You didn't know any spells.
Your spell library contained the following spells:

 Spells                   Type           Power      Damage    Failure   Level
 Confusing Touch          Hex            0%         N/A       96%         3
 Yara's Violent Unravell  Hex/Tmut       0%         3d3       100%        5
 Enfeeble                 Hex            0%         N/A       100%        7


Dungeon Overview and Level Annotations

Branches:
Dungeon (3/15)

Altars:
Okawaru

Annotations:
D:3 Sigmund


Innate Abilities, Weirdness & Mutations

You have a pair of horns on your head.
You reflexively headbutt those who attack you in melee.


Message History

The frilled lizard attacks as you move away!
The frilled lizard closely misses you.
You are too injured to fight recklessly!
Fire: a) +0 shortbow
Press: ? - help, Q - select action, (/) - cycle Shift-Dir - straight line, f/p - frilled lizard
Aim: a frilled lizard (48% to hit)
You shoot an arrow. The arrow hits the frilled lizard.
The frilled lizard is heavily wounded.
The frilled lizard bites you but does no damage.
Something hits you!
* * * LOW HITPOINT WARNING * * *
Something burns you.
* * * LOW HITPOINT WARNING * * *
Fire: a) +0 shortbow
Press: ? - help, Q - select action, (/) - cycle Shift-Dir - straight line, f/p - frilled lizard
Aim: a frilled lizard (heavily wounded, 48% to hit)
You shoot an arrow.
The arrow barely misses the frilled lizard.
The frilled lizard barely misses you. Something hits you but does no damage.
The frilled lizard bites you but does no damage.
Fire: a) +0 shortbow
Press: ? - help, Q - select action, (/) - cycle Shift-Dir - straight line, f/p - frilled lizard
Aim: a frilled lizard (heavily wounded, 48% to hit)
You shoot an arrow.
The arrow barely misses the frilled lizard.
The frilled lizard barely misses you.
f - a +0 short sword (weapon)
Something hits you but does no damage.
You closely miss the frilled lizard. You headbutt the frilled lizard.
You kill the frilled lizard!
Okawaru accepts your kill.
Something tries to affect you, but you resist.
A magic dart appears from out of thin air!
The magic dart hits you but does no damage.
Found 14 gold pieces.
Found a stone staircase leading down.
A hobgoblin comes into view.
The hobgoblin shouts!
A puff of flame appears from out of thin air!
The puff of flame hits you.
You die...

#..# #.# #........
#..### #.###.......[
#....###............
#.##..##†####.l....l
#.##..#...# ###....
#.###....{# ... #.#
#.....## ... . #.#
##.....##..#.. #.#
#..@..g...... ##.#
#............ ##..#
#.............
#..###.†............
#.## #..............
#.# #............###
#<# #$.##......>##
#.# .........####
####.##.....


You could see a hobgoblin.

Vanquished Creatures
  3 dart slugs
  A bat (D:1)
  A giant cockroach (D:2)
  2 goblins
  2 hobgoblins
  2 quokkas
  A ball python (D:1)
  3 frilled lizards
  3 kobolds (D:1)
  3 rats
21 creatures vanquished.

Notes
Turn   | Place    | Note
-------+----------+-------------------------------------------
     0 | D:1      | componib the Minotaur Hunter began the quest for the Orb.
     0 | D:1      | Reached XP level 1. HP: 18/18 MP: 0/0
   156 | D:1      | Identified 3 scrolls of acquirement
   175 | D:1      | Acquired a +6 ring of dexterity
   302 | D:1      | Reached XP level 2. HP: 25/25 MP: 1/1
   710 | D:1      | Found a faded altar of an unknown god.
   727 | D:1      | Prayed at the altar of an unknown god.
   727 | D:1      | Became a worshipper of Warmaster Okawaru
   727 | D:1      | Reached * piety under Okawaru
  1007 | D:2      | Reached skill level 5 in Ranged Weapons
  1396 | D:2      | Reached skill level 1 in Stealth
  1577 | D:3      | Noticed Sigmund
  1605 | D:3      | Killed from afar by Sigmund

Illustrated notes

Levels and vault maps discovered:
D:1:      dpeg_arrival_signposts, layout_basic,
          hellmonk_ecumenical_altar_prayer_group
D:2:      layout_basic
D:3:      layout_rooms, uniq_sigmund, uniq_natasha

Skill      XL: |  1  2 |
---------------+-------+-----
Ranged Weapons | 5 |  5.2
Stealth        | 1 |  1.0
Fighting       | |  2.8
Armour         | |  0.1
Dodging        | |  2.1

Action                   || total
-------------------------++-------
Melee: Short sword       ||     2
       Headbutt          ||     2
 Fire: Shortbow          ||    45
  Use: Scroll            ||     3
       Potion            ||     1
Armor: Leather armour    ||     1
       Ring mail         ||     8
Dodge: Dodged            ||     5

Table legend: (Time is in decaauts)
 A = Elapsed time spent in this place.
 B = Non-inter-level travel time spent in this place.
 C = Inter-level travel time spent in this place.
 D = Time resting spent in this place.
 E = Time spent auto-exploring this place.
 F = Levels seen in this place.
 G = Mean time per level.
                   A        B        C        D        E       F      G
               +--------+--------+--------+--------+--------+-----+--------+
         Total |   1617 |   1397 |    220 |      0 |    796 |   3 |  539.0 |
       Dungeon |   1617 |   1397 |    220 |      0 |    796 |   3 |  539.0 |
               +--------+--------+--------+--------+--------+-----+--------+

Top non-repeatable levels by time:
     D:1: 1011 daAuts
     D:2: 531 daAuts
     D:3: 74 daAuts
